 Dungeon Crawl Stone Soup version 0.24-a0-368-g0e0cebd0f3 (webtiles) character file.

Game seed: 12129416355484739176

28139 incide the Devastator (level 13, -18/80 HPs)
             Began as a Tengu Conjurer on May 28, 2019.
             Was a High Priest of Vehumet.
             Hit by a silver javelin thrown by a minotaur (31 damage)
             ... in a Gauntlet on May 29, 2019.
             The game lasted 02:00:07 (18975 turns).

incide the Devastator (Tengu Conjurer)             Turns: 18975, Time: 02:00:09

Health: -18/80     AC:  5    Str: 10    XL:     13   Next: 36%
Magic:  17/26      EV: 26    Int: 25    God:    Vehumet [*****.]
Gold:   638        SH:  3    Dex: 19    Spells: 4/28 levels left

rFire    . . .     SeeInvis .   Q - +5 quarterstaff of Generosity {drain, +Rage Int+4 Dex-2}
rCold    . . .     Gourm    .   (shield currently unavailable)
rNeg     . . .     Faith    .   u - +0 leather armour {rPois}
rPois    +         Spirit   .   (helmet restricted)
rElec    .         Reflect  +   Y - +1 cloak
rCorr    .         Harm     .   (no gloves)
MR       .....     NoTele   +   (boots unavailable)
Stlth    ++........             g - +3 amulet of reflection
HPRegen  0.23/turn              N - +6 ring of dexterity
MPRegen  0.20/turn              l - +2 ring of intelligence

@: flying quickly and evasively, quick
A: beak, talons 3, able to fly
a: Stop Flying, Renounce Religion, Evoke Berserk Rage


You were in a Gauntlet.
You worshipped Vehumet.
Vehumet was extremely pleased with you.
You were near starving.

You visited 3 branches of the dungeon, and saw 17 of its levels.
You also visited: Gauntlet and Volcano.

You collected 924 gold pieces.
You spent 286 gold pieces at shops.

Inventory:

Hand Weapons
 Q - the +5 quarterstaff of Generosity (weapon) {drain, +Rage Int+4 Dex-2}
   (You found it on level 7 of the Dungeon)

   A truly terrible weapon, it drains the life of those it strikes.
   It affects your intelligence (+4).
   It affects your dexterity (-2).
   It lets you go berserk.
Missiles
 r - 3 datura-tipped darts
 z - a boomerang (quivered)
Armour
 f - +0 steam dragon scales
 u - a +0 leather armour of poison resistance (worn)
 x - a +0 leather armour of fire resistance
 K - a scarf of spirit shield
 U - a +0 shield of protection
 Y - a +1 cloak (worn)
Jewellery
 g - a +3 amulet of reflection (around neck)
 k - a +2 ring of protection
 l - a +2 ring of intelligence (right hand)
 s - an uncursed ring of protection from magic
 M - an uncursed ring of see invisible
 N - a +6 ring of dexterity (left hand)
 R - an uncursed ring of resist corrosion
Wands
 a - a wand of disintegration (12)
 y - a wand of polymorph (10)
 C - a wand of flame (19)
 J - a wand of clouds (7)
 V - a wand of digging (3)
 W - a wand of iceblast (3)
Scrolls
 d - 2 scrolls of enchant armour
 i - a scroll of vulnerability {unknown}
 o - 8 scrolls of teleportation
 t - 7 scrolls of remove curse
 w - a scroll of summoning
 B - 4 scrolls of fear
 D - 7 scrolls of blinking
 E - 3 scrolls of enchant weapon
 H - 3 scrolls of amnesia
 L - 3 scrolls of fog {unknown}
 O - 2 scrolls of immolation
 S - 2 scrolls of acquirement
 T - a scroll of brand weapon {unknown}
Potions
 b - 7 potions of curing
 h - a potion of berserk rage {unknown}
 j - 4 potions of brilliance
 n - 2 potions of magic
 p - 3 potions of heal wounds
 q - a potion of resistance
 v - 2 potions of ambrosia {!e}
 A - 2 potions of cancellation
 F - 2 potions of haste
 G - a potion of degeneration {unknown}
 I - 3 potions of might
 Z - 2 potions of agility
Miscellaneous
 e - a lightning rod (4/4)
 m - a phantom mirror
Comestibles
 c - 21 rations


   Skills:
 - Level 9.0 Fighting
 - Level 12.3 Dodging
 - Level 2.0 Stealth
 - Level 8.4 Spellcasting
 + Level 15.6 Conjurations
 - Level 7.3 Necromancy
 - Level 2.6 Translocations
 - Level 5.0 Air Magic


You had 4 spell levels left.
You knew the following spells:

 Your Spells              Type           Power        Failure   Level  Hunger
a - Magic Dart            Conj           ####         0%          1    None
b - Searing Ray           Conj           ######       0%          2    None
c - Dazzling Spray        Conj/Hex       #####.       1%          3    None
d - Iskenderun's Mystic   Conj           ######..     1%          4    ##.....
e - Force Lance           Conj/Tloc      ######..     1%          4    ##.....
f - Regeneration          Chrm/Necr      ####......   5%          3    None
g - Lightning Bolt        Conj/Air       ######....   1%          5    ####...
h - Blink                 Tloc           N/A          4%          2    None

Your spell library contained the following spells:

 Spells                   Type           Power        Failure   Level  Hunger
 Poison Arrow             Conj/Pois      #####.....   13%         6    ######.
 Animate Skeleton         Necr           N/A          1%          1    None
 Pain                     Necr           ####         1%          1    None
 Shock                    Conj/Air       ####         1%          1    None
 Conjure Flame            Conj/Fire      #####...     1%          3    None
 Mephitic Cloud           Conj/Pois/Air  #####...     1%          3    None
 Static Discharge         Conj/Air       ######..     1%          3    None
 Vampiric Draining        Necr           #####.....   1%          3    None
 Fulminant Prism          Conj/Hex       #####.....   1%          4    ##.....
 Airstrike                Air            #####.....   2%          4    ##.....
 Animate Dead             Necr           N/A          3%          4    ##.....
 Swiftness                Chrm/Air       ###.....     4%          2    None
 Confusing Touch          Hex            ##....       8%          1    None
 Corona                   Hex            ##.....      8%          1    None
 Call Imp                 Summ           ##......     12%         2    None
 Slow                     Hex            ##......     12%         2    None


Dungeon Overview and Level Annotations

Branches:
Dungeon (11/15)            Temple (1/1) D:6            Lair (5/6) D:11
  Swamp (0/4) Lair:3        Snake (0/4) Lair:4
  Slime: Lair:5-6       Orc: D:9-12

Altars:
Ashenzari
Cheibriados
Dithmenos
Elyvilon
Fedhas
Gozag
Hepliaklqana
Kikubaaqudgha
Makhleb
Nemelex Xobeh
Okawaru
Qazlal
Ru
Sif Muna
Trog
Uskayaw
Vehumet
Wu Jian
Xom
Yredelemnul
Zin
The Shining One

Shops:
D:6 (?[   D:11 :%?}

Annotations:
Gauntlet 4 transporters, exclusion: orange crystal statue


Innate Abilities, Weirdness & Mutations

You have a beak for a mouth.
You have claws for feet.
You can fly continuously.


Message History

The bolt of lightning misses the minotaur.
The minotaur throws a silver javelin.
The silver javelin pierces through you!
The minotaur throws a silver javelin.
The silver javelin completely misses you.
You see here a silver javelin.
Casting: Lightning Bolt (safe; 1% risk of failure)
Confirm with . or Enter, or press ? or * to list all spells.
Aiming: Lightning Bolt (safe; 1% risk of failure)
Press: ? - help, Shift-Dir - straight line You hear a mighty clap of thunder!
The bolt of lightning hits the minotaur!
The minotaur is heavily wounded.
You are near starving!
The minotaur hits you with the +10 morningstar of Launy {elec, rN+ Str+4}!
You are electrocuted!
The minotaur gores you!
* * * LOW HITPOINT WARNING * * *
The minotaur throws a silver javelin.
The silver javelin pierces through you!!
You die...

#.#....8.#..#.....#..
#.#.##...#..#......#. ###+
#...##...#..#########
#..⌠.##.#.##.©.#≈..........
+⌠.H..'(#......#∩..........
#...∩##(#.##.©.#≈..........
#.⌠ #...##...#..######### #
#H#.##...#..#........
#.#.@..8.#..#..##.##.
#.#.##...#..#?#..#..#
#(H.##.8.#..#!#..#..#
######.§.#..#©8#####.
#≈8§#..#[#..#©.#
#####..#"#..#..#
..#..##.##. #........
#######


You could see a minotaur.

Vanquished Creatures
  Fannar (D:10)
  A hydra (Lair:1)
  A queen ant (Gauntlet)
  3 two-headed ogres
  2 skeletal warriors (Volcano)
  An unseen horror (D:11)
  An anaconda skeleton (Volcano)
  Maurice (D:10)
  A worldbinder (Gauntlet)
  2 elephants (Lair:5)
  2 smoke demons (Gauntlet)
  A black mamba (Lair:2)
  4 gargoyles
  2 spiny frogs
  A rime drake (Lair:1)
  5 komodo dragons
  3 trolls
  2 hornets (D:8)
  2 red devils (Gauntlet)
  2 harpy skeletons (Volcano)
  6 hippogriffs
  3 blink frogs (Lair:3)
  3 flying skulls (Volcano)
  2 vampires (D:10)
  Grum (D:10)
  21 yaks
  A basilisk (Lair:2)
  3 wyverns
  2 steam dragons
  2 hungry ghosts
  4 porcupines
  7 soldier ants
  An ice beast (D:9)
  4 water moccasins
  4 orc warriors
  3 sky beasts
  A phantom (D:8)
  2 necrophages
  2 wolves (D:10)
  7 ogres
  A boggart (Gauntlet)
  3 centaurs
  5 crocodiles
  12 bullfrogs
  2 big kobolds
  A gnoll sergeant (D:9)
  4 scorpions
  7 killer bees
  5 wights (D:8)
  5 howler monkeys
  2 spriggan skeletons (Volcano)
  13 crimson imps
  A bullfrog zombie (D:7)
  2 centaur zombies
  3 hounds
  A quasit (D:6)
  3 jellies
  9 orc priests
  15 orc wizards
  2 bullfrog skeletons (D:4)
  Jessica (D:2)
  Ijyb (D:5)
  4 iguanas
  5 worker ants
  8 gnolls
  10 adders
  5 shadow imps
  2 oozes
  An adder zombie (D:7)
  2 adder skeletons
  4 worms
  4 dart slugs (D:4)
  8 leopard geckos
  43 orcs
  5 ball pythons
  4 giant cockroaches
  8 goblins
  9 hobgoblins
  18 jackals
  16 kobolds
  7 quokkas
  13 bats
  5 frilled lizards
  A quokka skeleton (D:8)
  A quokka zombie (D:6)
  4 rats
402 creatures vanquished.

Vanquished Creatures (others)
  A demonic plant (Gauntlet)
  5 fungi
  5 plants
11 creatures vanquished.

Grand Total: 413 creatures vanquished

Notes
Turn   | Place    | Note
-------+----------+-------------------------------------------
     0 | D:1      | incide the Tengu Conjurer began the quest for the Orb.
     0 | D:1      | Reached XP level 1. HP: 10/10 MP: 4/4
   120 | D:1      | Reached XP level 2. HP: 11/15 MP: 6/6
   419 | D:1      | Learned a level 2 spell: Searing Ray
   425 | D:1      | Reached skill level 3 in Spellcasting
   487 | D:1      | Reached XP level 3. HP: 11/20 MP: 2/8
   647 | D:1      | Reached skill level 1 in Fighting
  1012 | D:2      | Found a shattered altar of Ashenzari.
  1084 | D:2      | Noticed Jessica
  1107 | D:2      | Killed Jessica
  1107 | D:2      | Reached skill level 2 in Fighting
  1107 | D:2      | Reached XP level 4. HP: 27/27 MP: 4/9
  1135 | D:2      | Identified Jessica's Collected Works on Bewitchment
  1154 | D:2      | Learned a level 3 spell: Dazzling Spray
  1180 | D:2      | Found an iron altar of Okawaru.
  1433 | D:2      | Found an opulent altar of Gozag.
  1439 | D:2      | Reached skill level 3 in Dodging
  1699 | D:2      | Gained mutation: You can fly continuously. [Tengu growth]
  1699 | D:2      | Reached XP level 5. HP: 29/31 MP: 10/10
  2258 | D:3      | Reached skill level 4 in Dodging
  2291 | D:3      | Learned a level 4 spell: Iskenderun's Mystic Blast
  2341 | D:3      | Found a hazy altar of Hepliaklqana.
  2454 | D:3      | Found a burning altar of Makhleb.
  2607 | D:3      | Reached skill level 6 in Conjurations
  2698 | D:3      | Reached XP level 6. HP: 36/36 MP: 9/11
  3352 | D:4      | Found a stormy altar of Qazlal.
  3370 | D:4      | Reached skill level 5 in Dodging
  3432 | D:4      | Found a shimmering altar of Xom.
  3436 | D:4      | Found a bloodstained altar of Trog.
  4226 | D:5      | Entered Level 5 of the Dungeon
  4291 | D:5      | Noticed Ijyb
  4297 | D:5      | Killed Ijyb
  4297 | D:5      | Reached skill level 4 in Spellcasting
  4297 | D:5      | Reached XP level 7. HP: 40/40 MP: 4/14
  4984 | D:5      | Reached skill level 3 in Fighting
  5089 | D:6      | Found Amose's Magic Scroll Shoppe.
  5089 | D:6      | Noticed Grinder
  5173 | D:6      | Found a staircase to the Ecumenical Temple.
  5185 | Temple   | Entered the Ecumenical Temple
  5240 | Temple   | Became a worshipper of Vehumet
  5361 | D:6      | Found an ancient bone altar of Kikubaaqudgha.
  5412 | D:6      | Found Daejysatz's Antique Armour Shop.
  5667 | D:6      | Reached skill level 4 in Fighting
  5742 | D:6      | Noticed Grinder
  5742 | D:6      | Grinder changed into Grinder the quasit
  5746 | D:6      | Killed Grinder the quasit
  5746 | D:6      | Reached XP level 8. HP: 30/48 MP: 0/16
  5759 | D:6      | Bought a scroll of blinking for 105 gold pieces
  5759 | D:6      | Bought a scroll of immolation for 49 gold pieces
  5764 | D:6      | Bought a scroll of identify for 28 gold pieces
  5764 | D:6      | Bought a scroll of identify for 28 gold pieces
  5764 | D:6      | Bought a scroll of identify for 28 gold pieces
  5799 | D:6      | Found Cerraacw's Antique Weapon Boutique.
  5901 | D:6      | Reached skill level 5 in Fighting
  5966 | D:6      | Learned a level 4 spell: Force Lance
  5981 | D:6      | Reached skill level 1 in Translocations
  6060 | D:6      | Reached skill level 2 in Translocations
  6368 | D:6      | Reached skill level 7 in Conjurations
  6406 | D:7      | Noticed a hippogriff
  6475 | D:7      | Got an ebony quarterstaff
  6569 | D:7      | Identified the +5 quarterstaff of Generosity {drain, +Rage
                  | Int+4 Dex-2} (You found it on level 7 of the Dungeon)
  6704 | D:7      | Reached * piety under Vehumet
  6704 | D:7      | Offered knowledge of Sting by Vehumet.
  6704 | D:7      | Reached skill level 8 in Conjurations
  6895 | D:7      | Reached skill level 5 in Spellcasting
  6907 | D:7      | Killed a hippogriff
  6907 | D:7      | Reached XP level 9. HP: 43/53 MP: 7/18
  6916 | D:7      | Learned a level 3 spell: Regeneration
  6934 | D:7      | Reached skill level 6 in Dodging
  6936 | D:7      | Found a blossoming altar of Fedhas.
  6936 | D:7      | Found a sacrificial altar of Ru.
  7065 | D:7      | Reached skill level 6 in Spellcasting
  7527 | D:8      | Reached skill level 1 in Necromancy
  7544 | D:8      | Reached skill level 2 in Necromancy
  7562 | D:8      | Reached skill level 3 in Necromancy
  7742 | D:8      | Reached skill level 4 in Necromancy
  7767 | D:8      | Noticed a hornet
  7772 | D:8      | Noticed a hornet
  7790 | D:8      | Reached skill level 5 in Necromancy
  7812 | D:8      | Reached ** piety under Vehumet
  7816 | D:8      | Offered knowledge of Sandblast by Vehumet.
  7839 | D:8      | Reached skill level 6 in Necromancy
  7946 | D:8      | Paralysed by a hornet for 2 turns
  7952 | D:8      | Killed a hornet
  7952 | D:8      | Reached skill level 7 in Necromancy
  8335 | D:8      | Reached XP level 10. HP: 58/58 MP: 16/20
  8509 | D:8      | Reached skill level 7 in Dodging
  8864 | D:9      | Reached skill level 8 in Dodging
  9279 | D:9      | Reached skill level 6 in Fighting
  9393 | D:9      | Offered knowledge of Conjure Flame by Vehumet.
  9526 | D:9      | Reached skill level 9 in Dodging
  9539 | D:9      | Identified 2 scrolls of acquirement
  9793 | D:10     | Entered Level 10 of the Dungeon
  9793 | D:10     | Noticed Fannar
  9860 | D:9      | Reached skill level 9 in Conjurations
  9861 | D:9      | Reached *** piety under Vehumet
  9897 | D:9      | Found a shadowy altar of Dithmenos.
 10116 | D:10     | Noticed Maurice
 10127 | D:10     | Killed Maurice
 10127 | D:10     | Reached skill level 10 in Conjurations
 10144 | D:11     | Found a staircase to the Lair.
 10301 | D:11     | Found Neucach's Gadget Shop.
 10301 | D:11     | Noticed a gargoyle
 10301 | D:11     | Noticed a two-headed ogre
 10302 | D:11     | Noticed Grum
 10362 | D:10     | Killed a two-headed ogre
 10362 | D:10     | Reached skill level 11 in Conjurations
 10362 | D:10     | Reached XP level 11. HP: 41/64 MP: 5/21
 10382 | D:10     | Learned a level 5 spell: Lightning Bolt
 10430 | D:10     | Reached skill level 1 in Air Magic
 10515 | D:10     | Killed Fannar
 10515 | D:10     | Reached skill level 5 in Air Magic
 10810 | D:10     | Offered knowledge of Mephitic Cloud by Vehumet.
 10938 | D:11     | Noticed a two-headed ogre
 11245 | D:10     | Reached skill level 7 in Fighting
 11252 | D:10     | HP: 13/67 [troll (8)]
 11699 | D:10     | Killed a two-headed ogre
 12152 | D:10     | Reached **** piety under Vehumet
 12182 | D:10     | Reached skill level 10 in Dodging
 12666 | D:10     | Killed Grum
 12666 | D:10     | Offered knowledge of Bolt of Draining by Vehumet.
 13138 | D:11     | Killed an unseen horror
 13138 | D:11     | Reached skill level 7 in Spellcasting
 13540 | D:11     | Noticed a two-headed ogre
 13548 | D:11     | Killed a two-headed ogre
 13548 | D:11     | Reached skill level 8 in Spellcasting
 13671 | D:11     | Found Sotit's Magic Scroll Shop.
 13680 | D:11     | Found Ihisaiqi's Jewellery Shop.
 13714 | D:11     | Found Suifasad's Book Shoppe.
 13781 | D:11     | Found Xoiqy's Food Emporium.
 13782 | D:11     | Found an opulent altar of Gozag.
 13783 | D:11     | Reached XP level 12. HP: 73/73 MP: 16/25
 13907 | D:11     | Bought a scroll of noise for 16 gold pieces
 13907 | D:11     | Bought a scroll of identify for 32 gold pieces
 13942 | Lair:1   | Entered Level 1 of the Lair of Beasts
 14094 | D:11     | Reached skill level 12 in Conjurations
 14404 | Lair:1   | Reached skill level 13 in Conjurations
 14566 | Lair:1   | Reached skill level 8 in Fighting
 14966 | Lair:1   | Noticed an eight-headed hydra
 14973 | Lair:1   | Killed an eight-headed hydra
 14973 | Lair:1   | Reached skill level 9 in Fighting
 15741 | Lair:2   | Reached skill level 11 in Dodging
 16421 | Lair:3   | Found a staircase to the Swamp.
 16747 | Lair:4   | Found a dark tunnel.
 16755 | Volcano  | Entered a volcano
 16788 | Volcano  | HP: 14/76 [flying skull (5)]
 17110 | Volcano  | Reached skill level 12 in Dodging
 17354 | Volcano  | Reached XP level 13. HP: 68/80 MP: 4/26
 17382 | Volcano  | Learned a level 2 spell: Blink
 17653 | Lair:4   | Reached skill level 14 in Conjurations
 17863 | Lair:4   | You are sucked into a shaft and drop 1 floor!
 17874 | Lair:5   | Found a gate leading to a gauntlet.
 17983 | Gauntlet | Entered a Gauntlet
 17983 | Gauntlet | Found a transporter.
 17983 | Gauntlet | Found a transporter.
 17983 | Gauntlet | Found a transporter.
 18109 | Gauntlet | Found a transporter.
 18113 | Gauntlet | Found a transporter.
 18158 | Gauntlet | Found a transporter.
 18170 | Gauntlet | Found a transporter.
 18183 | Gauntlet | Found a transporter.
 18195 | Gauntlet | Found a transporter.
 18210 | Gauntlet | Found a transporter.
 18218 | Gauntlet | Found a transporter.
 18235 | Gauntlet | Found a transporter.
 18373 | Gauntlet | Reached ***** piety under Vehumet
 18539 | Gauntlet | Reached skill level 15 in Conjurations
 18540 | Gauntlet | Offered knowledge of Poison Arrow by Vehumet.
 18960 | Gauntlet | Identified the +10 morningstar of Launy {elec, rN+ Str+4}
 18960 | Gauntlet | Identified the +2 plate armour "Pylos" {+Blink SInv}
 18960 | Gauntlet | Noticed a minotaur
 18974 | Gauntlet | HP: 13/80 [minotaur/the +10 morningstar of Launy {elec, rN+
                  | Str+4} (13)]
 18975 | Gauntlet | Hit by a silver javelin thrown by a minotaur

Levels and vault maps discovered:
D:1:      onia_arrival_mini_spirals, layout_basic
D:2:      layout_basic, okawaru_gym_becter, lemuel_doored_altar,
          ashenzari_conservatory_becter, first_ration, roderic_lattice_a,
          kennysheep_jessica_study
D:3:      layout_loops_corners, lemuel_crystal_altar, lemuel_round_altar
D:4:      layout_basic, grunt_qazlal_clouds, grunt_temple_overflow_open,
          grunt_tough_drop
D:5:      layout_basic, uniq_ijyb
D:6:      minmay_bubble_buster, layout_loops_ring, kiku_gazebo_garden_becter,
          minmay_temple_entry_mist, serial_shops, nicolae_shop_crystal, shop,
          nicolae_shop_window_shopping, uniq_grinder
D:7:      layout_basic, gammafunk_temple_overflow_wave, chequers_garden,
          chequers_hall_statues_y, hangedman_decor_lopped
D:8:      layout_loops_corners, hangedman_pestilent_swarm
D:9:      layout_rooms, nicolae_dithmenos_shadow_blocks
D:10:     layout_basic, uniq_fannar, uniq_maurice
D:11:     layout_rooms, lair_entry_dummy, basic_altar, serial_shops, shop,
          nicolae_shop_trees, shop, nicolae_shop_behind_doors, shop,
          minivault_11, uniq_grum
Temple:   eino_temple_lava
Lair:1:   layout_regular_city, grunt_megastairs_2
Lair:2:   layout_small_grid
Lair:3:   layout_layer_cave, swamp_mist, minivault_27, serial_bayou_shore_b
Lair:4:   lemuel_slime, layout_cave_shapes, guppyfry_snake_entry_garden,
          lightli_volcano_entry_magma_tube, serial_bayou_pond_b,
          minmay_lair_oklob_chamber
Lair:5:   layout_cave_pods, gauntlet_entry_generic, lemuel_fruit_tree
Gauntlet: gammafunk_gauntlet_shortcut [nicolae_gauntlet_arena_grate_2,
          nicolae_gauntlet_arena_quarters, gammafunk_gauntlet_arena_mazey,
          nicolae_gauntlet_arena_blocks, gammafunk_gauntlet_arena_split_diamond,
          nicolae_gauntlet_swirl, gauntlet_exit_hidden_loot]

Skill      XL: |  1  2  3  4  5  6  7  8  9 10 11 12 13 |
---------------+----------------------------------------+-----
Spellcasting   | 3 4 5 6 8 |  8.4
Fighting       | 2 4 5 6 7 9 |  9.0
Dodging        | 3 4 5 6 9 10 12 | 12.3
Conjurations   | 6 8 11 13 15 | 15.6
Translocations | 2 |  2.6
Necromancy     | 7 |  7.3
Air Magic      | 5 |  5.0
Stealth        | |  2.0

Action                   |  1- 3 |  4- 6 |  7- 9 | 10-12 | 13-15 || total
-------------------------+-------+-------+-------+-------+-------++-------
Melee: Short sword       |    50 |   103 |    52 |       |       ||   205
       Peck              |     8 |     7 |    15 |    29 |     7 ||    66
       Kick              |     8 |    23 |    25 |    51 |    20 ||   127
       Quarterstaff      |       |       |    56 |   191 |    43 ||   290
Throw: Boomerang         |       |       |       |    45 |     1 ||    46
 Cast: Magic Dart        |    25 |    68 |   106 |    79 |       ||   278
       Searing Ray       |     1 |    15 |    19 |     9 |       ||    44
       Iskenderun's Myst |       |     1 |    18 |   200 |    29 ||   248
       Dazzling Spray    |       |     2 |     3 |     7 |       ||    12
       Force Lance       |       |       |     1 |       |       ||     1
       Lightning Bolt    |       |       |       |    47 |    17 ||    64
       Regeneration      |       |       |       |    14 |     7 ||    21
       Blink             |       |       |       |       |     3 ||     3
 Abil: Fly               |       |     1 |       |       |       ||     1
Evoke: Wand              |       |       |     6 |    27 |     1 ||    34
       Lightning rod     |       |       |       |     2 |       ||     2
  Use: Scroll            |       |     5 |     9 |     8 |     2 ||    24
       Potion            |       |       |       |     5 |     1 ||     6
 Stab: Sleeping          |     3 |     2 |     6 |     3 |       ||    14
       Invisible         |       |     1 |       |       |       ||     1
  Eat: Chunk             |       |    10 |    12 |    40 |     4 ||    66
       Ration            |       |       |     1 |     4 |     1 ||     6
Armor: Robe              |    28 |    39 |    23 |     1 |       ||    91
       Leather armour    |       |       |       |    34 |     5 ||    39
Dodge: Dodged            |    44 |   120 |   165 |   528 |   147 ||  1004
Block: Other             |       |       |       |    14 |    18 ||    32

Table legend:
 A = Non-vault XP
 B = Vault XP
 C = Vault XP percentage of total XP
 D = Non-vault monster count
 E = Vault monster count
 F = Vault count percentage of total count
                 A         B        C        D         E       F
            +---------+---------+-------+---------+---------+-------
      Total |   26341 |   13858 |  34.5 |     337 |      65 |  16.2
            +---------+---------+-------+---------+---------+-------
        D:1 |      47 |       0 |   0.0 |      25 |       0 |   0.0
        D:2 |     119 |      39 |  24.7 |      34 |       2 |   5.6
        D:3 |     140 |       0 |   0.0 |      29 |       0 |   0.0
        D:4 |     250 |      18 |   6.7 |      22 |       2 |   8.3
        D:5 |     237 |      36 |  13.2 |       7 |       1 |  12.5
        D:6 |     309 |     515 |  62.5 |      10 |      10 |  50.0
        D:7 |    1257 |       0 |   0.0 |      23 |       0 |   0.0
        D:8 |    1639 |     743 |  31.2 |      35 |       4 |  10.3
        D:9 |    2740 |      70 |   2.5 |      43 |       1 |   2.3
       D:10 |    5554 |    1900 |  25.5 |      38 |       5 |  11.6
       D:11 |    3623 |    1636 |  31.1 |      27 |       7 |  20.6
     Lair:1 |    3698 |      88 |   2.3 |      14 |       1 |   6.7
     Lair:2 |    2075 |       0 |   0.0 |      11 |       0 |   0.0
     Lair:3 |    1567 |       0 |   0.0 |       7 |       0 |   0.0
     Lair:4 |    1381 |       0 |   0.0 |       8 |       0 |   0.0
     Lair:5 |    1705 |       0 |   0.0 |       4 |       0 |   0.0
    Volcano |       0 |    4658 | 100.0 |       0 |      13 | 100.0
   Gauntlet |       0 |    4155 | 100.0 |       0 |      19 | 100.0
            +---------+---------+-------+---------+---------+-------
